 Dungeon Crawl Stone Soup version 0.16-a0-3641-g71d4c1b (webtiles) character file.

6655 Econoterrorist the Grappler (level 10, -6/104 HPs)
             Began as a Troll Monk on July 24, 2015.
             Was an Elder of Pakellas.
             Mangled by a seven-headed hydra (8 damage)
             ... on level 9 of the Dungeon.
             The game lasted 00:32:15 (9397 turns).

Econoterrorist the Grappler (Troll Monk)            Turns: 9397, Time: 00:32:16

Health: -6/104     AC:  6    Str: 21      XL:     10   Next: 73%
Magic:  16/16      EV: 10    Int:  6      God:    Pakellas [****..]
Gold:   285        SH:  0    Dex: 14 (15) Spells: 0 memorised, 9 levels left

rFire  . . .     SeeInvis .     K - +3 rod of ignition (6/12)
rCold  . . .     Clarity  .     a - +0 robe
rNeg   + . .     SustAb   .     (shield restricted)
rPois  +         Gourm    +     (helmet restricted)
rElec  .         Spirit   .     r - +0 cloak
rCorr  .         Warding  .     (gloves unavailable)
rMut   .         Stasis   .     (boots unavailable)
MR     .....                    (no amulet)
Stlth  ++........               G - ring of positive energy
                                t - ring of poison resistance

@: not resistant to hostile enchantments, unstealthy
A: unfitting armour, claws 3, fast metabolism 3, gourmand, regeneration 2,
shaggy fur 1, tough skin 2
a: Minor Device Surge, Quick Charge, Device Surge, Renounce Religion


You were on level 9 of the Dungeon.
You worshipped Pakellas.
Pakellas was greatly pleased with you.
You were very full.

You visited 2 branches of the dungeon, and saw 10 of its levels.

You collected 350 gold pieces.
You spent 65 gold pieces at shops.

Inventory:

Hand weapons
 y - a +0 whip of freezing
Missiles
 J - 5 large rocks (quivered)
Armour
 a - a +0 robe (worn)
 r - a +0 cloak (worn)
Rods
 K - a +3 rod of ignition (6/12) (weapon)
   (You found it on level 8 of the Dungeon)
Jewellery
 l - an uncursed amulet of stasis
 t - a ring of poison resistance (left claw)
 D - an uncursed ring of magical power
 E - an uncursed ring of teleport control
 G - a ring of positive energy (right claw)
 M - an uncursed ring of protection from magic
Scrolls
 e - a scroll of enchant armour {unknown}
 f - a scroll of amnesia {unknown}
 g - 3 scrolls of fog {unknown}
 h - 2 scrolls of fear {unknown}
 i - 4 scrolls of recharging {unknown}
 k - a scroll of immolation {unknown}
 m - 3 scrolls of random uselessness {unknown}
 n - 5 scrolls of remove curse
 o - 4 scrolls of blinking {unknown}
 p - 5 scrolls of identify {unknown}
 q - a scroll of magic mapping {unknown}
 x - a scroll of noise {unknown}
 B - 2 scrolls of teleportation {unknown}
 C - a scroll of holy word {unknown}
Potions
 c - 2 potions of might
 d - a potion of curing
 u - 2 potions of poison
 v - 2 potions of heal wounds
 w - 2 potions of haste {unknown}
 z - a potion of agility {unknown}
 A - a potion of flight {unknown}
 F - a potion of brilliance {unknown}
 I - a potion of lignification {unknown}
Comestibles
 b - 10 meat rations
 j - 10 bread rations
 s - 3 beef jerkies
 H - 3 fruits


   Skills:
 + Level 7.9 Fighting
 - Level 2.4 Dodging
 - Level 1.1 Stealth
 - Level 11.2 Unarmed Combat
 + Level 7.4 Evocations


You had 9 spell levels left.
You didn't know any spells.

Dungeon Overview and Level Annotations

Branches:
Dungeon (9/15)             Temple (1/1) D:4            Lair (0/8) D:9
    Orc: D:9-12

Altars:
Ashenzari
Cheibriados
Dithmenos
Elyvilon
Fedhas
Gozag
Kikubaaqudgha
Makhleb
Nemelex Xobeh
Okawaru
Pakellas
Qazlal
Ru
Sif Muna
Trog
Vehumet
Xom
Yredelemnul
Zin
The Shining One

Shops:
D:4 !

Annotations:
D:8 runed door


Innate Abilities, Weirdness & Mutations

You are too large for most types of armour.
You have claws for hands.
Your metabolism is lightning-fast.
You like to eat raw meat.
You heal very quickly.
You are covered in fur (AC +1).
You have very tough skin (AC +2).


Message History

The seven-headed hydra is almost dead.
The seven-headed hydra bites you but does no damage.
The seven-headed hydra bites you! The seven-headed hydra bites you.
The seven-headed hydra bites you but does no damage.
The seven-headed hydra closely misses you.
The seven-headed hydra bites you!!
* * * LOW HITPOINT WARNING * * *
The seven-headed hydra bites you.
* * * LOW HITPOINT WARNING * * *
Throwing (i - inventory):
J - 6 large rocks (quivered)
Press: ? - help, Shift-Dir - straight line, f/p - crimson imp
Aim: a crimson imp You throw a large rock.
The large rock hits the seven-headed hydra.
The seven-headed hydra is almost dead.
The seven-headed hydra bites you but does no damage.
The seven-headed hydra bites you!
* * * LOW HITPOINT WARNING * * *
The seven-headed hydra bites you!
You die...

######+#####
#..........# ###
#..........##....
+.......@D..5....
#...........#(<..
#..........##
#########'## #.#
#.# ###.# ###...#
#..)###


You could see a seven-headed hydra and a crimson imp.

Vanquished Creatures
  The ghost of Genovi the Slicer, an experienced HuWn of Ru (D:9)
  A flayed ghost (D:8)
  Pikel (D:6)
  Prince Ribbit (D:8)
  4 wraiths (D:8)
  A shadow (D:8)
  A fire bat (D:8)
  A hungry ghost (D:3)
  2 orc warriors
  A phantom (D:5)
  4 slaves
  An ice beast (D:9)
  A sky beast (D:7)
  4 centaurs
  2 black bears
  3 ogres
  3 necrophages
  5 giant frogs
  A wyvern skeleton (D:8)
  A scorpion (D:8)
  9 wights
  6 crimson imps
  4 hounds
  A quasit (D:8)
  A goliath beetle (D:6)
  A centaur zombie (D:8)
  A giant frog skeleton (D:8)
  A gnoll shaman (D:4)
  A jelly (D:6)
  Crazy Yiuf (D:3)
  A centaur skeleton (D:6)
  6 orc priests
  6 orc wizards
  11 worker ants
  A hound zombie (D:5)
  A worker ant zombie (D:6)
  6 adders
  5 gnolls (D:4)
  4 shadow imps
  2 giant mites
  3 worms
  3 giant geckos
  37 orcs
  5 ball pythons
  A bat skeleton (D:8)
  A bat zombie (D:5)
  6 giant cockroaches
  12 goblins
  14 hobgoblins
  A quokka (D:2)
  23 bats
  A giant cockroach zombie (D:6)
  10 giant newts
  3 jackals
  12 kobolds
  15 rats
  A fungus (D:3)
256 creatures vanquished.

Notes
Turn   | Place    | Note
--------------------------------------------------------------
     0 | D:1      | Econoterrorist, the Troll Monk, began the quest for the Orb.
     0 | D:1      | Reached XP level 1. HP: 22/22 MP: 1/1
   340 | D:1      | Reached XP level 2. HP: 27/29 MP: 1/1
   686 | D:1      | Reached skill level 5 in Unarmed Combat
   738 | D:1      | Reached XP level 3. HP: 33/36 MP: 2/2
  1530 | D:2      | Reached XP level 4. HP: 44/44 MP: 2/2
  2043 | D:3      | Reached skill level 6 in Unarmed Combat
  2109 | D:3      | Noticed Crazy Yiuf
  2113 | D:3      | Killed Crazy Yiuf
  2113 | D:3      | Reached XP level 5. HP: 50/50 MP: 2/2
  2332 | D:3      | Noticed a hungry ghost
  2343 | D:3      | Killed a hungry ghost
  2343 | D:3      | Reached skill level 7 in Unarmed Combat
  2343 | D:3      | Reached XP level 6. HP: 50/59 MP: 3/3
  2823 | D:4      | Found a staircase to the Ecumenical Temple.
  2842 | Temple   | Entered the Ecumenical Temple
  2878 | Temple   | Became a worshipper of Pakellas the Inventive
  2878 | Temple   | Acquired Pakellas' first power
  2878 | Temple   | Acquired Pakellas' second power
  2897 | D:4      | Found Lavededi's Distillery.
  2902 | D:4      | Bought a potion of heal wounds for 65 gold pieces
  3049 | D:4      | Reached skill level 8 in Unarmed Combat
  3355 | D:4      | Found an ancient bone altar of Kikubaaqudgha.
  3359 | D:4      | Identified Kikubaaqudgha's Catalogue of Evil
  3364 | D:4      | Found a deep blue altar of Sif Muna.
  3368 | D:4      | Identified Sif Muna's Catalogue of Darkness
  3373 | D:4      | Found a radiant altar of Vehumet.
  3377 | D:4      | Reached XP level 7. HP: 61/66 MP: 3/3
  3598 | D:4      | Reached skill level 9 in Unarmed Combat
  3847 | D:5      | Entered Level 5 of the Dungeon
  4549 | D:5      | Reached skill level 10 in Unarmed Combat
  4549 | D:5      | Reached XP level 8. HP: 58/74 MP: 3/3
  4950 | D:6      | Acquired Pakellas' third power
  5135 | D:6      | Reached skill level 11 in Unarmed Combat
  5323 | D:6      | Reached skill level 1 in Evocations
  5664 | D:6      | Noticed Pikel
  5883 | D:6      | Killed Pikel
  5883 | D:6      | Reached XP level 9. HP: 66/84 MP: 5/8
  6018 | D:6      | Found a shimmering altar of Xom.
  6383 | D:7      | Found an opulent altar of Gozag.
  6525 | D:7      | You fall through a shaft for 2 floors!
  6544 | D:9      | Found a staircase to the Lair.
  6545 | D:9      | Noticed Genovi's ghost (experienced HuWn)
  6572 | D:9      | Killed Genovi's ghost
  6572 | D:9      | Reached skill level 5 in Fighting
  6572 | D:9      | Reached skill level 5 in Evocations
  6748 | D:9      | Noticed a seven-headed hydra
  7242 | D:8      | Found a runed door.
  7243 | D:8      | Found an opulent altar of Gozag.
  7251 | D:8      | Found a stormy altar of Qazlal.
  7251 | D:8      | Noticed Prince Ribbit
  7366 | D:8      | Found an ancient bone altar of Kikubaaqudgha.
  7384 | D:8      | Reached XP level 10. HP: 78/98 MP: 13/13
  7399 | D:8      | Killed Prince Ribbit
  7545 | D:8      | Found an oddly glowing altar of Pakellas.
  7627 | D:8      | Found a basalt altar of Yredelemnul.
  7675 | D:8      | Found a basalt altar of Yredelemnul.
  7757 | D:8      | Found a glowing silver altar of Zin.
  7771 | D:8      | Found a white marble altar of Elyvilon.
  7772 | D:8      | Found a shattered altar of Ashenzari.
  8394 | D:8      | Noticed a flayed ghost
  8404 | D:8      | Killed a flayed ghost
  9375 | D:9      | Identified a +3 rod of ignition (12/12) (You found it on level 8 of the Dungeon)
  9397 | D:9      | HP: 2/104 [seven-headed hydra (9)]
  9397 | D:9      | Mangled by a seven-headed hydra

Action                   |  1- 3 |  4- 6 |  7- 9 | 10-12 || total
-------------------------+-------+-------+-------+-------++-------
Melee: Unarmed           |   104 |   145 |   345 |   178 ||   772
Throw: Large rock        |       |       |       |     4 ||     4
Evoke: Rod               |       |       |       |     1 ||     1
  Use: Potion            |       |       |     3 |       ||     3
       Scroll            |       |       |       |     1 ||     1
 Stab: Sleeping          |     2 |     3 |     1 |     1 ||     7
       Distracted        |       |       |     1 |       ||     1
  Eat: Chunk             |    19 |    25 |    32 |    22 ||    98
